2770 views
Uploaded 2020-01-23 22:06:22
Game version 1.32.0.6
30:23 long 1on1 ladder game on (2)ConcealedHill
Saved by BEARAND
2770 views
Uploaded 2020-01-23 22:06:22
Game version 1.32.0.6
30:23 long 1on1 ladder game on (2)ConcealedHill

27 units @ 2.5k
/ 0.1k
92 buildings @ 5k
/ 2.8k



| Potion of Healing | 1 | 150 |
| Staff of Sanctuary | 3 | 750 |
| Orb of Fire | 2 | 650 |
| Boots of Speed | 3 | 750 |
| Staff of Teleportation | 3 | 450 |
| Circlet of Nobility | 1 | 175 |
| total: | 13 | 2925g |
| Peasant | 22 | 1650 | / | 0 |
| Priest | 1 | 135 | / | 10 |
| Sorceress | 1 | 155 | / | 20 |
| Dragonhawk Rider | 3 | 600 | / | 90 |
| total: | 27 | 2540g | / | 120w |
| Scout Tower | 76 | 2280 | / | 1520 |
| Arcane Tower | 10 | 700 | / | 500 |
| Guard Tower | 58 | 4060 | / | 2900 |
| Altar of Kings | 1 | 180 | / | 50 |
| Farm | 5 | 400 | / | 100 |
| Lumber Mill | 1 | 120 | / | 0 |
| Arcane Vault | 2 | 260 | / | 60 |
| Town Hall | 3 | 1155 | / | 615 |
| Blacksmith | 1 | 140 | / | 60 |
| Barracks | 1 | 160 | / | 60 |
| Arcane Sanctum | 1 | 150 | / | 140 |
| Gryphon Aviary | 1 | 140 | / | 150 |
| Keep | 1 | 320 | / | 210 |
| Castle | 1 | 360 | / | 210 |
| total: | 92 | 4985g | / | 2755w |
| 0:01 | Peasant |
| 0:01 | Peasant |
| 0:08 | Altar of Kings |
| 0:11 | Farm |
| 0:19 | Peasant |
| 0:31 | Peasant |
| 0:36 | Farm |
| 0:42 | Peasant |
| 0:49 | Peasant |
| 1:05 | Lumber Mill |
| 1:07 | Peasant |
| 1:11 | Scout Tower |
| 1:15 | Peasant |
| 1:30 | Peasant |
| 1:36 | Scout Tower |
| 1:37 | Arcane Tower |
| 1:48 | Peasant |
| 1:49 | Peasant |
| 1:53 | Scout Tower |
| 2:07 | Blizzard |
| 2:16 | Guard Tower |
| 2:40 | Peasant |
| 2:40 | Peasant |
| 2:41 | Guard Tower |
| 2:43 | Peasant |
| 2:55 | Scout Tower |
| 2:57 | Scout Tower |
| 3:14 | Brilliance Aura |
| 3:19 | Peasant |
| 3:34 | Improved Masonry |
| 3:39 | Peasant |
| 3:42 | Keep |
| 3:52 | Arcane Vault |
| 3:53 | Guard Tower |
| 4:35 | Blizzard |
| 4:47 | Farm |
| 4:47 | Farm |
| 4:55 | Boots of Speed |
| 4:55 | Staff of Teleportation |
| 5:20 | Town Hall |
| 5:23 | Scout Tower |
| 5:23 | Scout Tower |
| 5:24 | Scout Tower |
| 5:24 | Scout Tower |
| 5:24 | Scout Tower |
| 5:25 | Scout Tower |
| 5:25 | Scout Tower |
| 5:26 | Scout Tower |
| 6:31 | Guard Tower |
| 6:31 | Arcane Tower |
| 6:44 | Guard Tower |
| 6:52 | Guard Tower |
| 6:53 | Scout Tower |
| 7:08 | Guard Tower |
| 7:09 | Peasant |
| 7:11 | Peasant |
| 7:19 | Guard Tower |
| 7:25 | Storm Bolt |
| 7:30 | Improved Lumber Harvesting |
| 7:56 | Staff of Teleportation |
| 8:17 | Peasant |
| 8:17 | Peasant |
| 8:18 | Guard Tower |
| 8:33 | Castle |
| 8:34 | Advanced Masonry |
| 8:39 | Scout Tower |
| 8:40 | Scout Tower |
| 8:41 | Scout Tower |
| 8:41 | Scout Tower |
| 8:42 | Scout Tower |
| 8:42 | Scout Tower |
| 8:43 | Scout Tower |
| 9:11 | Arcane Sanctum |
| 9:21 | Peasant |
| 9:22 | Peasant |
| 9:35 | Guard Tower |
| 9:46 | Potion of Healing |
| 10:02 | Boots of Speed |
| 10:07 | Farm |
| 10:08 | Gryphon Aviary |
| 10:19 | Arcane Vault |
| 10:21 | Bash |
| 10:43 | Guard Tower |
| 10:48 | Scout Tower |
| 10:48 | Scout Tower |
| 10:56 | Priest |
| 10:57 | Magic Sentry |
| 11:06 | Staff of Sanctuary |
| 11:06 | Orb of Fire |
| 11:18 | Guard Tower |
| 11:21 | Advanced Lumber Harvesting |
| 11:42 | Guard Tower |
| 11:43 | Imbued Masonry |
| 11:59 | Staff of Sanctuary |
| 12:00 | Orb of Fire |
| 12:07 | Holy Light |
| 12:12 | Boots of Speed |
| 12:12 | Staff of Teleportation |
| 12:34 | Brilliance Aura |
| 13:01 | Guard Tower |
| 13:03 | Scout Tower |
| 13:03 | Scout Tower |
| 13:04 | Scout Tower |
| 13:04 | Scout Tower |
| 13:05 | Scout Tower |
| 13:05 | Scout Tower |
| 13:05 | Scout Tower |
| 13:06 | Scout Tower |
| 13:52 | Divine Shield |
| 14:14 | Guard Tower |
| 14:29 | Guard Tower |
| 14:34 | Staff of Sanctuary |
| 14:37 | Sorceress |
| 14:37 | Sorceress Adept Training |
| 14:38 | Priest Adept Training |
| 14:40 | Blacksmith |
| 14:44 | Barracks |
| 15:06 | Guard Tower |
| 15:37 | Storm Bolt |
| 15:44 | Guard Tower |
| 15:51 | Town Hall |
| 15:58 | Scout Tower |
| 15:58 | Scout Tower |
| 15:59 | Scout Tower |
| 15:59 | Scout Tower |
| 16:00 | Scout Tower |
| 16:00 | Scout Tower |
| 16:01 | Scout Tower |
| 16:01 | Scout Tower |
| 16:02 | Scout Tower |
| 16:02 | Scout Tower |
| 16:03 | Scout Tower |
| 16:03 | Scout Tower |
| 16:27 | Guard Tower |
| 16:28 | Arcane Tower |
| 16:29 | Guard Tower |
| 16:42 | Guard Tower |
| 16:43 | Arcane Tower |
| 17:32 | Holy Light |
| 17:39 | Guard Tower |
| 17:40 | Arcane Tower |
| 17:40 | Guard Tower |
| 17:41 | Guard Tower |
| 17:47 | Guard Tower |
| 17:48 | Guard Tower |
| 17:50 | Scout Tower |
| 17:50 | Scout Tower |
| 17:51 | Scout Tower |
| 17:53 | Scout Tower |
| 17:53 | Scout Tower |
| 17:53 | Scout Tower |
| 18:18 | Circlet of Nobility |
| 18:35 | Guard Tower |
| 20:27 | Animal War Training |
| 20:28 | Iron Forged Swords |
| 20:28 | Studded Leather Armor |
| 20:31 | Arcane Tower |
| 20:32 | Guard Tower |
| 20:32 | Guard Tower |
| 20:52 | Dragonhawk Rider |
| 23:04 | Guard Tower |
| 23:21 | Scout Tower |
| 23:21 | Scout Tower |
| 23:22 | Scout Tower |
| 23:22 | Scout Tower |
| 23:22 | Scout Tower |
| 23:23 | Scout Tower |
| 23:23 | Scout Tower |
| 23:52 | Bash |
| 23:57 | Guard Tower |
| 24:25 | Guard Tower |
| 25:07 | Dragonhawk Rider |
| 25:07 | Dragonhawk Rider |
| 25:08 | Steel Forged Swords |
| 25:08 | Reinforced Leather Armor |
| 25:54 | Scout Tower |
| 25:54 | Scout Tower |
| 25:55 | Scout Tower |
| 25:55 | Scout Tower |
| 25:56 | Scout Tower |
| 25:56 | Scout Tower |
| 25:57 | Scout Tower |
| 25:58 | Scout Tower |
| 25:58 | Scout Tower |
| 25:59 | Scout Tower |
| 25:59 | Scout Tower |
| 25:59 | Scout Tower |
| 26:39 | Divine Shield |
| 26:58 | Guard Tower |
| 26:58 | Guard Tower |
| 27:06 | Guard Tower |
| 27:07 | Guard Tower |
| 27:17 | Arcane Tower |
| 27:22 | Town Hall |
| 27:24 | Scout Tower |
| 27:24 | Scout Tower |
| 27:25 | Scout Tower |
| 27:26 | Scout Tower |
| 27:26 | Scout Tower |
| 27:27 | Scout Tower |
| 27:27 | Scout Tower |
| 27:28 | Scout Tower |
| 27:36 | Guard Tower |
| 27:47 | Guard Tower |
| 27:48 | Guard Tower |
| 28:10 | Blizzard |
| 28:33 | Arcane Tower |
| 28:34 | Guard Tower |
| 28:41 | Arcane Tower |
| 28:42 | Arcane Tower |
| 29:51 | Guard Tower |
| 30:01 | Guard Tower |
| Right click | 2551 |
| Select | 911 |
| Select group | 363 |
| Build/train/purchase | 221 |
| Use ability | 140 |
| Chat | 80 |
| Misc. action | 27 |
| Assign group | 19 |
| Item give/drop | 9 |
| Remove unit | 5 |
71 units @ 9.6k
/ 1.1k
24 buildings @ 2.6k
/ 1.1k



| Lesser Clarity Potion | 5 | 350 |
| Scroll of Regeneration | 1 | 100 |
| Potion of Mana | 2 | 400 |
| Potion of Healing | 3 | 450 |
| total: | 11 | 1300g |
| Peasant | 28 | 2100 | / | 0 |
| Footman | 6 | 810 | / | 0 |
| Rifleman | 17 | 3485 | / | 510 |
| Priest | 11 | 1485 | / | 110 |
| Dragonhawk Rider | 3 | 600 | / | 90 |
| Mortar Team | 5 | 900 | / | 350 |
| Knight | 1 | 245 | / | 60 |
| total: | 71 | 9625g | / | 1120w |
| Scout Tower | 2 | 60 | / | 40 |
| Farm | 13 | 1040 | / | 260 |
| Altar of Kings | 1 | 180 | / | 50 |
| Barracks | 1 | 160 | / | 60 |
| Blacksmith | 1 | 140 | / | 60 |
| Arcane Vault | 1 | 130 | / | 30 |
| Town Hall | 1 | 385 | / | 205 |
| Lumber Mill | 1 | 120 | / | 0 |
| Arcane Sanctum | 1 | 150 | / | 140 |
| Gryphon Aviary | 1 | 140 | / | 150 |
| Workshop | 1 | 140 | / | 140 |
| Keep | 1 | 320 | / | 210 |
| Castle | 1 | 360 | / | 210 |
| total: | 24 | 2645g | / | 1135w |
| 0:05 | Peasant |
| 0:05 | Peasant |
| 0:05 | Peasant |
| 0:07 | Farm |
| 0:10 | Altar of Kings |
| 0:28 | Barracks |
| 0:43 | Farm |
| 0:53 | Peasant |
| 0:57 | Peasant |
| 1:12 | Peasant |
| 1:33 | Footman |
| 1:39 | Footman |
| 1:52 | Blacksmith |
| 2:05 | Footman |
| 2:19 | Holy Light |
| 2:25 | Defend |
| 2:29 | Footman |
| 2:41 | Farm |
| 2:41 | Farm |
| 2:57 | Arcane Vault |
| 3:10 | Rifleman |
| 3:27 | Farm |
| 3:28 | Farm |
| 3:50 | Iron Plating |
| 3:57 | Peasant |
| 4:05 | Lesser Clarity Potion |
| 4:07 | Lesser Clarity Potion |
| 4:22 | Black Gunpowder |
| 4:31 | Peasant |
| 4:37 | Peasant |
| 4:40 | Peasant |
| 4:59 | Devotion Aura |
| 5:06 | Rifleman |
| 5:24 | Peasant |
| 5:29 | Peasant |
| 5:29 | Peasant |
| 6:15 | Rifleman |
| 6:16 | Rifleman |
| 6:59 | Holy Light |
| 7:36 | Town Hall |
| 7:47 | Studded Leather Armor |
| 8:24 | Keep |
| 8:36 | Scroll of Regeneration |
| 8:37 | Lesser Clarity Potion |
| 9:21 | Rifleman |
| 9:22 | Rifleman |
| 9:35 | Iron Forged Swords |
| 10:01 | Lumber Mill |
| 10:13 | Peasant |
| 10:13 | Peasant |
| 10:21 | Peasant |
| 10:29 | Scout Tower |
| 10:33 | Scout Tower |
| 10:49 | Peasant |
| 10:49 | Peasant |
| 10:49 | Peasant |
| 10:50 | Peasant |
| 10:51 | Peasant |
| 10:52 | Peasant |
| 10:53 | Peasant |
| 11:13 | Improved Lumber Harvesting |
| 11:57 | Rifleman |
| 11:57 | Rifleman |
| 12:08 | Rifleman |
| 12:12 | Divine Shield |
| 12:37 | Rifleman |
| 12:40 | Farm |
| 12:41 | Farm |
| 12:44 | Farm |
| 12:50 | Improved Masonry |
| 13:20 | Storm Bolt |
| 14:19 | Footman |
| 14:20 | Footman |
| 14:20 | Rifleman |
| 14:20 | Rifleman |
| 14:21 | Rifleman |
| 14:21 | Rifleman |
| 14:28 | Castle |
| 14:30 | Long Rifles |
| 14:43 | Arcane Sanctum |
| 15:20 | Refined Gunpowder |
| 15:24 | Bash |
| 15:46 | Rifleman |
| 15:46 | Rifleman |
| 15:57 | Lesser Clarity Potion |
| 15:59 | Lesser Clarity Potion |
| 16:02 | Potion of Mana |
| 16:03 | Potion of Healing |
| 16:04 | Potion of Healing |
| 16:20 | Potion of Mana |
| 16:25 | Potion of Healing |
| 16:37 | Reinforced Leather Armor |
| 16:39 | Priest Adept Training |
| 16:44 | Priest |
| 16:44 | Priest |
| 16:44 | Priest |
| 17:31 | Gryphon Aviary |
| 18:11 | Brilliance Aura |
| 18:14 | Priest Master Training |
| 18:15 | Priest |
| 18:15 | Priest |
| 18:16 | Priest |
| 18:27 | Cloud |
| 18:28 | Dragonhawk Rider |
| 18:32 | Dragonhawk Rider |
| 18:58 | Workshop |
| 19:06 | Farm |
| 19:07 | Farm |
| 19:08 | Farm |
| 19:09 | Farm |
| 19:31 | Advanced Lumber Harvesting |
| 20:26 | Peasant |
| 20:26 | Peasant |
| 20:26 | Peasant |
| 20:26 | Peasant |
| 20:27 | Peasant |
| 21:06 | Mortar Team |
| 21:07 | Mortar Team |
| 22:07 | Mortar Team |
| 22:07 | Mortar Team |
| 22:08 | Flare |
| 23:15 | Mortar Team |
| 23:33 | Fragmentation Shards |
| 23:34 | Imbued Gunpowder |
| 23:39 | Summon Water Elemental |
| 23:55 | Summon Water Elemental |
| 25:10 | Priest |
| 25:11 | Priest |
| 25:11 | Priest |
| 27:14 | Rifleman |
| 27:46 | Knight |
| 28:42 | Priest |
| 28:42 | Priest |
| 28:49 | Dragonhawk Rider |
| 28:54 | Animal War Training |
| 30:08 | Divine Shield |
| Select group | 930 |
| Right click | 615 |
| Select | 400 |
| Misc. action | 163 |
| Build/train/purchase | 160 |
| Assign group | 56 |
| Use ability | 54 |
| Chat | 30 |
| Remove unit | 2 |